 Dungeon Crawl Stone Soup version 0.19.1 (webtiles) character file.

5231 Gargoyl the Protected (level 10, -1/84 HPs)
             Began as a Ghoul Abyssal Knight on Dec 16, 2016.
             Was a High Priest of Lugonu.
             Slain by a vampire (7 damage)
             ... on level 8 of the Dungeon on Dec 17, 2016.
             The game lasted 00:24:33 (8062 turns).

Gargoyl the Protected (Ghoul Abyssal Knight)        Turns: 8062, Time: 00:24:33

Health: -1/84      AC: 19    Str: 18    XL:     10   Next: 61%
Magic:  14/14      EV:  6    Int:  7    God:    Lugonu [*****.]
Gold:   362        SH:  0    Dex: 10    Spells: 0 memorised, 9 levels left

rFire  . . .     SeeInvis +     A - +0 war axe (freeze)
rCold  + . .     Gourm    .     d - +0 chain mail
rNeg   + + +     Faith    .     o - +0 shield
rPois  ∞         Spirit   .     m - +0 helmet
rElec  .         Reflect  .     k - +1 cloak
rCorr  .         Harm     .     (no gloves)
MR     .....                    n - +0 pair of boots
Stlth  ..........               r - amulet of regeneration
                                F - +3 ring of protection
                                p - ring of see invisible

@: confused, rotting
A: rotting body, claws 1, carnivore 3, cold resistance 1, negative energy
resistance 3, slow regeneration 1, torment resistance, unbreathing
a: Depart the Abyss, Bend Space, Banish, Corrupt, Enter the Abyss, Renounce
Religion


You were on level 8 of the Dungeon.
You worshipped Lugonu.
Lugonu was extremely pleased with you.
You were not hungry.

You visited 1 branch of the dungeon, and saw 8 of its levels.
You visited the Abyss 1 time.

You collected 362 gold pieces.

Inventory:

Hand Weapons
 a - a +1 hand axe
 A - a +0 war axe of freezing (weapon)
Missiles
 q - 7 javelins (quivered)
Armour
 d - a +0 chain mail (worn)
 k - a +1 cloak (worn)
 m - a +0 helmet (worn)
 n - a +0 pair of boots (worn)
 o - a +0 shield (worn)
Jewellery
 p - a ring of see invisible (left claw)
 r - an amulet of regeneration (around neck)
 F - a +3 ring of protection (right claw)
Wands
 w - a wand of slowing (10/48)
 y - a wand of digging (12/24)
 B - a wand of flame (35/48)
Scrolls
 e - a scroll of enchant armour
 g - 5 scrolls of remove curse
 s - a scroll of blinking
 t - a scroll of fear
 u - a scroll of identify
Potions
 f - a potion of heal wounds
 j - 2 potions of resistance
 l - a potion of brilliance
 x - a potion of agility
 z - a potion of flight
 E - a potion of curing
Books
 i - a book of Frost

   Spells                             Type                      Level
   a - Freeze                         Ice                          1
   b - Throw Frost                    Conjuration/Ice              2
   c - Ozocubu's Armour               Charms/Ice                   3
   d - Throw Icicle                   Conjuration/Ice              4
   e - Summon Ice Beast               Ice/Summoning                4
Comestibles
 b - 3 beef jerkies
 c - 4 meat rations
 h - 3 slices of pizza
 v - 2 chunks of flesh


   Skills:
 + Level 6.8 Fighting
 + Level 7.4 Axes
 + Level 0.6 Throwing
 * Level 8.1 Armour
 + Level 3.1 Dodging
 + Level 4.2 Shields
 * Level 6.7 Invocations


You had 9 spell levels left.
You didn't know any spells.

Dungeon Overview and Level Annotations

Branches:
Dungeon (8/15)             Temple (0/1) D:4
   Lair: D:8-11

Altars:
Ashenzari
Cheibriados
Dithmenos
Elyvilon
Gozag
Makhleb
Qazlal
Ru
Sif Muna
Vehumet
Yredelemnul

Shops:
D:5 *


Innate Abilities, Weirdness & Mutations

Your body is rotting away.
You thrive on raw meat.
You are immune to poison.
You have sharp fingernails.
You are carnivorous and can eat meat at any time.
Your flesh is cold resistant. (rC+)
You are immune to negative energy. (rN+++)
You regenerate slowly when monsters are visible.
You are immune to unholy pain and torment.
You can survive without breathing.


Message History

You closely miss the vampire. You barely miss the hog.
You closely miss the hog. The hog bites you.
* * * LOW HITPOINT WARNING * * *
The hog bites you but does no damage.
The hippogriff bites you but does no damage.
The hippogriff pecks you but does no damage.
The hippogriff barely misses you.
The vampire hits you but does no damage.
The vampire bites you.
* * * LOW HITPOINT WARNING * * *
The hog barely misses you.
Eat one of 2 chunks of flesh? (ye/n/q)
You start eating one of the 2 chunks of flesh.
The hog barely misses you. The hippogriff bites you.
* * * LOW HITPOINT WARNING * * *
The hippogriff barely misses you. The hippogriff claws you.
* * * LOW HITPOINT WARNING * * *
The hog barely misses you. The vampire closely misses you.
The vampire bites you!
You die...

##.......#...## #.
#.......#...## ##
#(.....##....#
#......##....#
#......##....#
#......##....#####
#.................
#.h.........#.....
#@Hp........#.....
#hV.........#.....
#......###+##.....
#......##...#.....
'.......'...#.....
#########...#.....
#......##...#.....
#...........#.....
#...........#.....


You could see a hippogriff, 2 hogs, a human and a vampire (invisible).

Vanquished Creatures
  Pikel (D:7)
  The ghost of Aksej the Skirmisher, a novice DsGl (D:6)
  3 hippogriffs
  Sigmund (D:2)
  Grum (D:8)
  2 hungry ghosts
  A water moccasin (D:7)
  A black bear (D:7)
  An orc warrior (D:8)
  A phantom (D:7)
  2 wolves (D:7)
  4 ogres
  2 centaurs
  A big kobold (D:8)
  4 bullfrogs
  2 scorpions
  A water moccasin skeleton (D:6)
  3 killer bees (D:8)
  A crimson imp (D:8)
  2 bullfrog zombies
  A centaur zombie (D:6)
  8 hounds
  A jelly (D:7)
  6 orc priests
  A bullfrog skeleton (D:6)
  4 iguanas
  A centaur skeleton (D:6)
  Natasha (thrice) (D:3)
  8 worker ants
  7 orc wizards
  Terence (D:2)
  2 hound zombies
  3 hound skeletons
  A worker ant zombie (D:5)
  7 adders
  3 gnolls (D:6)
  2 howler monkey skeletons
  A shadow imp (D:7)
  An ooze (D:1)
  An adder skeleton (D:4)
  2 worms
  2 dart slugs (D:1)
  9 leopard geckos
  26 orcs
  8 bats
  7 giant cockroaches
  11 goblins
  13 hobgoblins
  7 jackals
  6 quokkas
  8 frilled lizards
  17 kobolds
  A leopard gecko zombie (D:8)
  9 rats
223 creatures vanquished.

Vanquished Creatures (others)
  An orc warrior (D:6)
  A quokka (D:7)
2 creatures vanquished.

Grand Total: 225 creatures vanquished

Notes
Turn   | Place    | Note
-------+----------+-------------------------------------------
     0 | Abyss:1  | Gargoyl the Ghoul Abyssal Knight began the quest for the Orb.
     0 | Abyss:1  | Reached XP level 1. HP: 19/19 MP: 1/1
   162 | Abyss:1  | Noticed a spatial vortex
   196 | Abyss:1  | Noticed a spatial vortex
   223 | Abyss:1  | Found a corrupted altar of Lugonu.
   226 | Abyss:1  | Noticed a tentacled starspawn
   226 | D:1      | Escaped the Abyss
   326 | D:1      | Reached skill level 2 in Armour
   470 | D:1      | Reached * piety under Lugonu
   470 | D:1      | Reached XP level 2. HP: 21/24 MP: 2/2
   753 | D:1      | Reached XP level 3. HP: 33/33 MP: 3/3
  1186 | D:2      | Reached ** piety under Lugonu
  1197 | D:2      | Noticed Sigmund
  1219 | D:2      | Killed Sigmund
  1219 | D:2      | Reached skill level 3 in Armour
  1219 | D:2      | Reached skill level 1 in Dodging
  1219 | D:2      | Reached XP level 4. HP: 21/40 MP: 3/5
  1219 | D:2      | Reached XP level 5. HP: 25/46 MP: 3/6
  1655 | D:2      | Reached XP level 6. HP: 51/52 MP: 7/7
  1966 | D:3      | Noticed Terence
  1980 | D:3      | Noticed Natasha
  2004 | D:2      | Killed Terence
  2024 | D:3      | Killed Natasha
  2134 | D:3      | Noticed Natasha
  2151 | D:3      | Killed Natasha
  2483 | D:3      | Reached skill level 4 in Armour
  2531 | D:3      | Found a shadowy altar of Dithmenos.
  2574 | D:3      | Reached *** piety under Lugonu
  2642 | D:3      | Noticed Natasha
  2654 | D:3      | Killed Natasha
  2923 | D:3      | Reached XP level 7. HP: 40/60 MP: 8/8
  3200 | D:4      | Found a shattered altar of Ashenzari.
  3466 | D:4      | Found a staircase to the Ecumenical Temple.
  4000 | D:5      | Entered Level 5 of the Dungeon
  4117 | D:5      | Reached skill level 5 in Armour
  4117 | D:5      | Reached XP level 8. HP: 64/67 MP: 10/10
  4151 | D:5      | Reached skill level 5 in Fighting
  4309 | D:5      | Reached **** piety under Lugonu
  4325 | D:5      | Found an opulent altar of Gozag.
  4329 | D:5      | Found Gozag's Platinum Reserve.
  4533 | D:5      | Reached skill level 5 in Axes
  4754 | D:5      | Reached skill level 1 in Shields
  4958 | D:5      | Found a stormy altar of Qazlal.
  5225 | D:6      | Noticed Aksej's ghost (novice DsGl)
  5265 | D:6      | Killed Aksej's ghost
  5265 | D:6      | Reached skill level 6 in Armour
  5265 | D:6      | Reached skill level 5 in Invocations
  5265 | D:6      | Reached XP level 9. HP: 49/75 MP: 11/11
  5676 | D:6      | Found a basalt altar of Yredelemnul.
  5960 | D:7      | Found a sacrificial altar of Ru.
  6149 | D:7      | Reached ***** piety under Lugonu
  6227 | D:7      | Found a snail-covered altar of Cheibriados.
  6329 | D:7      | Reached skill level 7 in Armour
  6477 | D:7      | Noticed Pikel
  6554 | D:6      | Reached XP level 10. HP: 55/83 MP: 13/13
  6605 | D:7      | Killed Pikel
  6719 | D:7      | Found a burning altar of Makhleb.
  6723 | D:7      | Found a radiant altar of Vehumet.
  6729 | D:7      | Found a white marble altar of Elyvilon.
  7227 | D:7      | Found a deep blue altar of Sif Muna.
  7284 | D:8      | Noticed Grum
  7437 | D:8      | Killed Grum
  7607 | D:8      | Reached skill level 8 in Armour
  7920 | D:8      | Found a deep blue altar of Sif Muna.
  8062 | D:8      | Slain by a vampire

Skill      XL: |  1  2  3  4  5  6  7  8  9 10 |
---------------+-------------------------------+-----
Armour         | 2 3 4 5 6 7 8 |  8.1
Axes           | 2 3 4 5 6 7 |  7.4
Fighting       | 4 5 6 |  6.8
Dodging        | 1 2 3 |  3.1
Invocations    | 3 4 5 6 |  6.7
Shields        | 2 3 4 |  4.2
Throwing       | |  0.6

Action                   |  1- 3 |  4- 6 |  7- 9 | 10-12 || total
-------------------------+-------+-------+-------+-------++-------
Melee: Hand axe          |   166 |   220 |   717 |   108 ||  1211
       War axe           |       |       |       |   216 ||   216
Throw: Tomahawk          |       |       |     7 |       ||     7
       Javelin           |       |       |     4 |       ||     4
Invok: Depart the Abyss  |     1 |       |       |       ||     1
       Bend Space        |       |     1 |     1 |       ||     2
       Banish            |       |       |     2 |       ||     2
  Use: Scroll            |       |     2 |    12 |     4 ||    18
       Potion            |       |       |     6 |       ||     6
  Eat: Chunk             |    15 |    11 |    44 |    15 ||    85
Armor: Chain mail        |   102 |   127 |   554 |   285 ||  1068
Dodge: Dodged            |    55 |    77 |   217 |   139 ||   488
Block: Buckler           |       |     9 |    36 |       ||    45
       Shield            |       |       |   193 |   176 ||   369
